 Dungeon Crawl Stone Soup version 0.21-a0-401-g0b6bec4 (webtiles) character file.

18 tidbits the Charmwright (level 2, 21/26 HPs)
             Began as a Gnoll Skald on Oct 22, 2017.
             Quit the game on level 2 of the Dungeon.
             The game lasted 00:01:51 (236 turns).

tidbits the Charmwright (Gnoll Skald)                Turns: 236, Time: 00:01:51

Health: 21/26      AC:  3    Str: 13    XL:     2   Next: 70%
Magic:  2/7        EV: 20    Int: 15    God:
Gold:   35         SH:  0    Dex: 19    Spells: 5/10 levels left

rFire    . . .     SeeInvis .   a - +0 hand axe
rCold    . . .     Gourm    .   (no shield)
rNeg     . . .     Faith    .   b - +0 leather armour
rPois    .         Spirit   .   (no helmet)
rElec    .         Reflect  .   (no cloak)
rCorr    .         Harm     .   (no gloves)
MR       .....                  (no boots)
Stlth    ++........             (no amulet)
HPRegen  0.08/turn              (no ring)
MPRegen  0.10/turn              (no ring)

@: confused, agile
A: distributed training, fangs 1, strong nose
a: no special abilities


You were on level 2 of the Dungeon.
You were not hungry.

You visited 1 branch of the dungeon, and saw 3 of its levels.

You collected 35 gold pieces.

Inventory:

Hand Weapons
 a - a +0 hand axe (weapon)
Armour
 b - a +0 leather armour (worn)
Scrolls
 f - 2 scrolls of identify {unknown}
 i - a scroll of fog {unknown}
 j - a scroll of immolation {unknown}
Potions
 e - a potion of curing
 h - a potion of agility
Books
 c - a book of Battle

   Spells                             Type                      Level
   a - Infusion                       Charms                       1
   b - Shroud of Golubria             Charms/Translocation         2
   c - Song of Slaying                Charms                       2
   d - Spectral Weapon                Hexes/Charms                 3
   e - Regeneration                   Charms/Necromancy            3
Comestibles
 d - 2 bread rations


   Skills:
 + Level 4.5 Fighting
 + Level 0.5 Short Blades
 + Level 0.5 Long Blades
 + Level 4.5 Axes
 + Level 0.5 Maces & Flails
 + Level 0.5 Polearms
 + Level 0.5 Staves
 + Level 0.5 Slings
 + Level 0.5 Bows
 + Level 0.5 Crossbows
 + Level 0.5 Throwing
 + Level 2.5 Armour
 + Level 4.5 Dodging
 + Level 0.5 Stealth
 + Level 0.5 Shields
 + Level 0.5 Unarmed Combat
 + Level 4.9 Spellcasting
 + Level 0.3 Conjurations
 + Level 0.3 Hexes
 + Level 5.3 Charms
 + Level 0.3 Summonings
 + Level 0.3 Necromancy
 + Level 0.3 Translocations
 + Level 0.3 Transmutations
 + Level 0.3 Fire Magic
 + Level 0.3 Ice Magic
 + Level 0.3 Air Magic
 + Level 0.3 Earth Magic
 + Level 0.3 Poison Magic
 + Level 0.6 Invocations
 + Level 0.5 Evocations


You had 5 spell levels left.
You knew the following spells:

 Your Spells              Type           Power        Failure   Level  Hunger
g - Shroud of Golubria    Chrm/Tloc      ##........   10%         2    ##.....
i - Infusion              Chrm           ###.         2%          1    None
y - Song of Slaying       Chrm           ###.....     3%          2    ##.....


Dungeon Overview and Level Annotations

Branches:
Dungeon (3/15)

Altars:
Gozag

Annotations:
D:2 Sigmund


Innate Abilities, Weirdness & Mutations

Your experience applies equally to all skills.
You have very sharp teeth.
Your uncanny sense of smell can sniff out nearby items.


Message History

Sigmund shouts!
Found a stone staircase leading up.
It was a potion of curing.
You feel better.
Your magical infusion is running out.
The rat barely misses you.
It was a potion of agility.
You feel agile all of a sudden. The rat closely misses you.
You barely miss the rat. You hit the bush but do no damage.
You hit the plant but do no damage. The rat bites you.
Sigmund hits you from afar with a scythe.
A rat comes into view.
The rat moves out of view.
It was a potion of heal wounds.
You feel much better. The rat bites you.
You hit the rat.
You kill the rat!
You hit the plant but do no damage.
You are no longer magically infusing your attacks.
Sigmund misses you. Sigmund misses you.
You see here a rat corpse.
You barely miss Sigmund. You hit the plant but do no damage.
You hit the bush but do no damage.
Your leather armour prevents you from hitting Sigmund.
You bite Sigmund, but do no damage. You hit the plant but do no damage.
You hit the bush but do no damage. Sigmund closely misses you.
You hit Sigmund but do no damage. You hit the plant but do no damage.
You hit the bush. Sigmund completely misses you.
You closely miss Sigmund. You hit the bush but do no damage.
You hit the plant but do no damage. Sigmund completely misses you.
You closely miss Sigmund. You hit the bush but do no damage.
You hit the plant but do no damage. You barely miss Sigmund.
You hit the plant but do no damage. You hit the bush but do no damage.
Sigmund hits you with a scythe.
You hit Sigmund but do no damage. You hit the bush but do no damage.
You hit the plant. Sigmund completely misses you.
You barely miss Sigmund. You hit the plant but do no damage.
You hit the bush but do no damage. You closely miss Sigmund.
You hit the plant but do no damage. You hit the bush.
Sigmund closely misses you.
You closely miss Sigmund. You hit the bush. You hit the plant but do no damage.
Sigmund points at you and mumbles some strange words.
You resist with significant effort.
You hit Sigmund.
Sigmund is lightly wounded.
You hit the bush but do no damage. You hit the plant but do no damage.
Sigmund completely misses you.
You hit Sigmund but do no damage. You bite Sigmund, but do no damage.
Sigmund is lightly wounded.
You hit the bush but do no damage. You hit the plant but do no damage.
Sigmund closely misses you.
You hit Sigmund but do no damage.
Sigmund is lightly wounded.
You hit the plant but do no damage. You hit the bush but do no damage.
You hit Sigmund but do no damage. You bite Sigmund, but do no damage.
Sigmund is lightly wounded.
You hit the bush but do no damage. You hit the plant but do no damage.
The rat bites the bush but does no damage.
Sigmund completely misses you.
You barely miss Sigmund. Your bite misses Sigmund.
Sigmund is lightly wounded.
You hit the plant but do no damage. You hit the bush but do no damage.
The rat bites the bush but does no damage.
Sigmund closely misses you.
The rat bites the bush but does no damage.
You closely miss Sigmund. You bite Sigmund, but do no damage.
Sigmund is lightly wounded.
You hit the bush but do no damage. You hit the plant but do no damage.
The rat bites the bush but does no damage.
Sigmund barely misses you.
You barely miss Sigmund.
Sigmund is lightly wounded.
You hit the bush but do no damage. You hit the plant but do no damage.
The rat bites the bush but does no damage.
You hit Sigmund.
Sigmund is lightly wounded.
You hit the bush but do no damage. You hit the plant.
Sigmund closely misses you.
The rat bites the bush but does no damage.
You hit Sigmund. Your bite misses Sigmund.
Sigmund is lightly wounded.
You hit the bush but do no damage. You hit the plant but do no damage.
The rat bites the bush but does no damage.
Sigmund completely misses you.
You hit Sigmund but do no damage.
Sigmund is lightly wounded.
You hit the plant but do no damage. You hit the bush but do no damage.
The rat bites the bush.
You hit Sigmund. You bite Sigmund, but do no damage.
Sigmund is lightly wounded.
You hit the plant but do no damage. You hit the bush but do no damage.
Sigmund completely misses you.
The rat bites the bush but does no damage.
You hit Sigmund. Your bite misses Sigmund.
Sigmund is moderately wounded.
You hit the bush but do no damage. You hit the plant but do no damage.
The rat bites the bush but does no damage.
Sigmund casts a spell at you.
You are confused.
Are you sure you want to abandon this character and quit the game? (Confirm with "yes".)

.........####.###.####♣#♣.♣..#...
#........##.....#.###.....##.#...
............#.#.#.....♣.♣.♣#.....
#####.#######.#.#######.#.###....
#............# #.♣.♣ #....
###...P..#...# #...# ##...
##P.♣..PP..# #.### #..#
##..♣PPP..# #.# #..# #.P♣♣♣.P@#
#.# #... ##P.♣P♣@P# ....
##P♣.♣♣r# #..... #P..P.P......
#..... ###P......... #.....
##.##(..... .....# .. ...... # ∆
... ♣♣.♣.. ..< .♣ .


You could see Sigmund and a rat.

Vanquished Creatures
  2 oozes (D:2)
  4 hobgoblins
  A bat (D:2)
  A goblin (D:2)
  3 rats (D:2)
11 creatures vanquished.

Notes
Turn   | Place    | Note
-------+----------+-------------------------------------------
     0 | D:1      | tidbits the Gnoll Skald began the quest for the Orb.
     0 | D:1      | Reached XP level 1. HP: 20/20 MP: 6/6
    69 | D:2      | Found an opulent altar of Gozag.
    89 | D:2      | Reached XP level 2. HP: 26/26 MP: 4/7
    93 | D:2      | Learned a level 2 spell: Song of Slaying
    96 | D:2      | Learned a level 2 spell: Shroud of Golubria
   204 | D:2      | Noticed Sigmund
   236 | D:2      | Quit the game

Vault maps used:
D:1:      lemuel_arrival_river_bridge
D:2:      nicolae_overflow_crystal_walls, serial_forest,
          infiniplex_forest_clump_diagonal, infiniplex_forest_3_way,
          infiniplex_forest_straight_2, infiniplex_forest_lined_3_way,
          infiniplex_forest_pool, infiniplex_forest_lined_room_,
          infiniplex_forest_straight_2, uniq_sigmund

Action                   || total
-------------------------++-------
Melee: Hand axe          ||    48
       Bite              ||     8
 Cast: Infusion          ||     4
  Use: Potion            ||     3
 Stab: Sleeping          ||     1
Armor: Leather armour    ||     4
Dodge: Dodged            ||    33

Table legend:
 A = Spawn XP
 B = Non-spawn XP
 C = Spawn XP percentage of total XP
 D = Spawn monster count
 E = Non-spawn monster count
 F = Spawn count percentage of total count
 G = Total turns spent on level
                    A         B        C        D         E        F      G
               +---------+---------+-------+---------+---------+-------+---------
         Total |       0 |      27 |   0.0 |       0 |      11 |   0.0 |   236
               +---------+---------+-------+---------+---------+-------+---------
           D:2 |       0 |      25 |   0.0 |       0 |      10 |   0.0 |   211
           D:3 |       0 |       2 |   0.0 |       0 |       1 |   0.0 |    16
               +---------+---------+-------+---------+---------+-------+---------

Table legend:
 A = Turns spent in this place as a percentage of turns spent in the entire game.
 B = Non-inter-level travel turns spent in this place as a percentage of non-inter-level travel turns spent in the entire game.
 C = Inter-level travel turns spent in this place as a percentage of turns spent in this place.
 D = Turns resting spent in this place as a percentage of non-inter-level travel turns spent in this place.
 E = Turns spent auto-exploring this place as a percentage of non-inter-level travel turns spent in this place.
 F = Non-inter-level travel turns spent in this place divided by the number of levels of this place that you've seen.
                   A       B       C       D       E      F
               +-------+-------+-------+-------+-------+----------------------
         Total | 100.0 | 100.0 |   0.0 |   0.0 |   0.0 |  78.7
       Dungeon | 100.0 | 100.0 |   0.0 |   0.0 |   0.0 |  78.7
               +-------+-------+-------+-------+-------+----------------------

Table legend:
 A = Kills in this place as a percentage of kills in entire the game.
 B = Kills by you in this place as a percentage of kills by you in the entire game.
 C = Kills by friends in this place as a percentage of kills by friends in the entire game.
 D = Other kills in this place as a percentage of other kills in the entire game.
 E = Experience gained in this place as a percentage of experience gained in the entire game.
 F = Experience gained in this place divided by the number of levels of this place that you have seen.
                   A       B       C       D       E      F
               +-------+-------+-------+-------+-------+----------------------
         Total | 100.0 | 100.0 |   N/A |   N/A | 100.0 |   9.0
       Dungeon | 100.0 | 100.0 |   N/A |   N/A | 100.0 |   9.0
               +-------+-------+-------+-------+-------+----------------------

Vault maps used:
D:1:      lemuel_arrival_river_bridge
D:2:      nicolae_overflow_crystal_walls, serial_forest,
          infiniplex_forest_clump_diagonal, infiniplex_forest_3_way,
          infiniplex_forest_straight_2, infiniplex_forest_lined_3_way,
          infiniplex_forest_pool, infiniplex_forest_lined_room_,
          infiniplex_forest_straight_2, uniq_sigmund
